 Dungeon Crawl Stone Soup version 0.27-a0-1557-g57f10a385c (webtiles) character file.

Game seed: 15684791395504149230

286 Gwenloh the Digger (level 6, 0/32 HPs)
             Began as a Gargoyle Earth Elementalist on July 15, 2021.
             Slain by an iron imp (4 damage)
             ... summoned by Natasha
             ... on level 2 of the Dungeon.
             The game lasted 00:08:35 (2891 turns).

Gwenloh the Digger (Gargoyle Earth Elementalist)    Turns: 2891, Time: 00:08:35

Health: 0/32       AC:  6    Str: 18    XL:     6   Next: 30%
Magic:  6/11       EV: 11    Int: 17    God:
Gold:   102        SH:  0    Dex: 10    Spells: 7/11 levels left

rFire    . . .     SeeInvis .   p - +1 dagger (venom)
rCold    . . .     Faith    .   (no shield)
rNeg     + . .     Spirit   .   b - +0 robe
rPois    ∞         Reflect  .   (no helmet)
rElec    +         Harm     .   (no cloak)
rCorr    .         Rampage  .   (no gloves)
Will     .....                  (no boots)
Stlth    ++........             (no amulet)
HPRegen  0.10/turn              h - +6 ring of strength
MPRegen  0.12/turn              (no ring)

@: slowed, very slow
A: sickness immunity, AC +4, negative energy resistance 1, electricity
resistance, torment resistance 1, petrification resistance
a: no special abilities


You were on level 2 of the Dungeon.
You visited 1 branch of the dungeon, and saw 3 of its levels.

You collected 102 gold pieces.

Inventory:

Hand Weapons
 d - a +0 dagger
 n - a +0 whip
 p - a +1 dagger of venom (weapon)
Missiles
 c - 86 stones
 k - 2 boomerangs (quivered)
 o - a throwing net
Armour
 b - a +0 robe (worn)
Jewellery
 h - a +6 ring of strength (left hand)
Scrolls
 e - 2 scrolls of identify {unknown}
 f - 3 scrolls of teleportation {unknown}
 j - 3 scrolls of enchant armour {unknown}
Potions
 a - a potion of flight {unknown}
 g - a potion of might {unknown}
 i - a potion of degeneration {unknown}
 l - a potion of curing {unknown}
 m - a potion of haste {unknown}
 q - a potion of lignification {unknown}


   Skills:
 - Level 1.5 Dodging
 - Level 2.1 Stealth
 + Level 3.4 Spellcasting
 + Level 2.6 Conjurations
 - Level 0.7 Transmutations
 * Level 6.5 Earth Magic


You had 7 spell levels left.
You knew the following spells:

 Your Spells              Type           Power      Damage    Failure   Level
a - Sandblast             Erth           50%        2d12      1%          1
b - Stone Arrow           Conj/Erth      36%        3d9       8%          3

Your spell library contained the following spells:

 Spells                   Type           Power      Damage    Failure   Level
 Passwall                 Tmut/Erth      12%        N/A       6%          2
 Petrify                  Tmut/Erth      15%        N/A       36%         4
 Inner Flame              Hex/Fire       2%         N/A       45%         3
 Cause Fear               Hex            1%         N/A       86%         4
 Discord                  Hex            1%         N/A       100%        8


Dungeon Overview and Level Annotations

Branches:
Dungeon (3/15)

Altars:
Uskayaw

Annotations:
D:2 Natasha


Innate Abilities, Weirdness & Mutations

You are immune to sickness and miasma.
Your stone body is resilient. (AC +4)
You are immune to poison.
You resist negative energy. (rN+)
You are resistant to electric shocks. (rElec)
You are resistant to unholy torment.
You are immune to petrification.


Message History

Confirm with . or Enter, or press ? or * to list all spells.
Aiming: Sandblast (safe; 1% risk of failure)
Press: ? - help, Shift-Dir - straight line, f/p - Crazy Yiuf
Aim: Crazy Yiuf, wielding a +3 quarterstaff of chaos and wearing a +0 cloak (almost dead, 83% to hit)
The blast of sand hits Crazy Yiuf!
You kill Crazy Yiuf!
c - 88 stones Natasha wildly gestures.
Natasha's front paws start to glow.
Natasha closely misses you.
Casting: Sandblast (safe; 1% risk of failure)
Confirm with . or Enter, or press ? or * to list all spells.
Aiming: Sandblast (safe; 1% risk of failure)
Press: ? - help, Shift-Dir - straight line, f - Natasha
Aim: Natasha (76% to hit)
The blast of sand hits Natasha!
Natasha is severely wounded.
c - 87 stones Natasha claws you.
You closely miss Natasha.
Natasha is severely wounded.
Natasha mumbles some strange words.
Natasha casts a spell at you.
The magic dart hits you but does no damage.
You hit Natasha.
Natasha is almost dead.
Natasha claws you.
* * * LOW HITPOINT WARNING * * *
The iron imp barely misses you.
Casting: Sandblast (safe; 1% risk of failure)
Confirm with . or Enter, or press ? or * to list all spells.
Aiming: Sandblast (safe; 1% risk of failure)
Press: ? - help, Shift-Dir - straight line, f/p - Natasha
Aim: Natasha (almost dead, 76% to hit)
The blast of sand hits Natasha.
Natasha is almost dead.
c - 86 stones Natasha claws you.
* * * LOW HITPOINT WARNING * * *
The iron imp hits you.
You die...

#########
#.#### #.....
##### #.....
###########
#)..# #.....
..........#
#...# #.....
###########
...
########.....
..........#
#5#
#............
###.....###
#h##
#............
..........#
##@#
#......).....
###.....###
#5##
#............
#.....# ##.#
######.......
#.....# ##.##
##......
#.....#
##...#
#......
#.....#
#....#
##.####
#.....#
##..## #####
#..# #
#.....#
##....###...#
#..# #
#.....#
#...........#
#..###


You could see an iron imp (summoned), Natasha and a white imp (summoned).

Vanquished Creatures
  Sigmund (D:2)
  Crazy Yiuf (D:2)
  An iguana (D:2)
  Natasha (D:2)
  An adder (D:2)
  A dart slug (D:2)
  3 bats (D:1)
  4 endoplasms
  2 giant cockroaches (D:2)
  5 goblins
  6 hobgoblins
  3 quokkas (D:1)
  5 ball pythons
  A frilled lizard (D:2)
  10 kobolds
  2 rats (D:2)
47 creatures vanquished.

Notes
Turn   | Place    | Note
-------+----------+-------------------------------------------
     0 | D:1      | Gwenloh the Gargoyle Earth Elementalist began the quest for
                  | the Orb.
     0 | D:1      | Reached XP level 1. HP: 10/10 MP: 3/3
   567 | D:1      | Reached skill level 4 in Earth Magic
   640 | D:1      | Reached XP level 2. HP: 15/15 MP: 3/5
  1422 | D:1      | Reached XP level 3. HP: 16/19 MP: 6/6
  1480 | D:1      | Learned a level 3 spell: Stone Arrow
  1717 | D:2      | Reached skill level 5 in Earth Magic
  1786 | D:2      | Reached XP level 4. HP: 24/24 MP: 7/7
  1871 | D:2      | Reached skill level 1 in Conjurations
  1996 | D:2      | Noticed Sigmund
  2115 | D:2      | Killed Sigmund
  2116 | D:2      | Reached skill level 6 in Earth Magic
  2116 | D:2      | Reached XP level 5. HP: 14/28 MP: 5/9
  2301 | D:2      | Found a hide-covered altar of Uskayaw.
  2337 | D:2      | Noticed Natasha
  2359 | D:2      | Killed Natasha
  2360 | D:2      | Reached XP level 6. HP: 32/32 MP: 7/10
  2473 | D:2      | Found a faded altar of an unknown god.
  2854 | D:2      | Found a runed translucent door.
  2855 | D:2      | Noticed Crazy Yiuf
  2857 | D:2      | Noticed Natasha
  2887 | D:2      | Killed Crazy Yiuf
  2891 | D:2      | Slain by an iron imp

Illustrated notes

Levels and vault maps discovered:
D:1:      erik_arrival_cave_to_civilisation [erik_arrival_cave_to_hall],
          layout_basic, minmay_tetromino_i4
D:2:      layout_basic, ebering_ecumenical_altar_ruins, basic_altar,
          uniq_crazy_yiuf_cottage, uniq_natasha, uniq_sigmund
D:3:      layout_loops_ring, nicolae_tso_swordbearing_angel, minitemple,
          hangedman_decor_clover_reticule

Skill      XL: |  1  2  3  4 |
---------------+-------------+-----
Earth Magic    | 4 5 6 |  6.5
Conjurations   | 2 |  2.6
Spellcasting   | 3 |  3.4
Dodging        | |  1.5
Stealth        | |  2.1
Transmutations | |  0.7

Action                   |  1- 3 |  4- 6 || total
-------------------------+-------+-------++-------
Melee: Dagger            |    43 |     8 ||    51
       Whip              |     4 |    24 ||    28
Throw: Boomerang         |    14 |    21 ||    35
 Cast: Sandblast         |    16 |    13 ||    29
       Stone Arrow       |       |     1 ||     1
 Stab: Sleeping          |     2 |       ||     2
Armor: Robe              |    12 |    14 ||    26
Dodge: Dodged            |    30 |    16 ||    46

Table legend: (Time is in decaauts)
 A = Elapsed time spent in this place.
 B = Non-inter-level travel time spent in this place.
 C = Inter-level travel time spent in this place.
 D = Time resting spent in this place.
 E = Time spent auto-exploring this place.
 F = Levels seen in this place.
 G = Mean time per level.
                   A        B        C        D        E       F      G
               +--------+--------+--------+--------+--------+-----+--------+
         Total |   2904 |   2863 |     41 |    126 |   2308 |   3 |  968.0 |
       Dungeon |   2904 |   2863 |     41 |    126 |   2308 |   3 |  968.0 |
               +--------+--------+--------+--------+--------+-----+--------+

Top non-repeatable levels by time:
     D:1: 1710 daAuts
     D:2: 1091 daAuts
     D:3: 102 daAuts
